 Dungeon Crawl Stone Soup version 0.30.0-5-g1a98f26d00 (webtiles) character file.

Game seed: 315193085067176335

511 SnakkuSnakku7 the Insei (level 6, -1/49 HPs)
             Began as a Vampire Hedge Wizard on May 12, 2023.
             Was a Believer of Wu Jian.
             Slain by Natasha (5 damage)
             ... on level 4 of the Dungeon.
             The game lasted 00:05:26 (3135 turns).

SnakkuSnakku7 the Insei (Vampire Hedge Wizard)      Turns: 3135, Time: 00:05:26

Health: -1/49      AC:  8    Str: 11    XL:     6   Next: 99%
Magic:  10/10      EV: 10    Int: 16    God:    Wu Jian [**....]
Gold:   325        SH:  0    Dex: 14    Spells: 10/11 levels left

rFire   . .          .
                       - Unarmed
rCold   . . .        (no shield)
rNeg    . . .        z - +2 ring mail {Will+}
rPois   .            c - +0 hat
rElec   .            (no cloak)
rCorr   .            (no gloves)
SInv    +            r - +0 pair of boots
Will    +....        (no amulet)
Stlth   ++           (no ring)
HPRegen 0.48/turn    (no ring)
MPRegen 0.12/turn

%: no passive effects
@: healing quickly
A: alive, fangs 3, see invisible, vampiric 2
a: Exsanguinate, Renounce Religion, Wall Jump


You were on level 4 of the Dungeon.
You worshipped Wu Jian.
Wu Jian was pleased with you.
You visited 1 branch of the dungeon, and saw 7 of its levels.

You collected 325 gold pieces.

Inventory:

Hand Weapons
 a - a +0 dagger
Missiles
 f - 2 javelins
 q - 4 poisoned darts
Armour
 b - a +0 robe
 c - a +0 hat (worn)
 r - a +0 pair of boots (worn)
 u - a +0 leather armour
 x - a +0 ring mail
 z - a +2 ring mail of willpower (worn)
Magical Staves
 y - a staff of air
Jewellery
 o - a ring of flight
 v - a +6 ring of dexterity
Wands
 m - a wand of quicksilver (7)
Scrolls
 e - 5 scrolls of fear {unknown}
 g - 3 scrolls of fog {unknown}
 h - 4 scrolls of identify {unknown}
 j - a scroll of magic mapping {unknown}
 k - a scroll of teleportation {unknown}
 n - a scroll of immolation {unknown}
 s - a scroll of silence {unknown}
 A - a scroll of enchant weapon {unknown}
Potions
 d - a potion of magic
 i - 2 potions of lignification {unknown}
 l - a potion of heal wounds {unknown}
 p - a potion of curing {unknown}
 t - a potion of cancellation {unknown}
 w - a potion of attraction {unknown}


   Skills:
 + Level 4.5 Fighting
 - Level 2.1 Dodging
 - Level 3.0 Stealth
 + Level 5.5 Unarmed Combat
 - Level 3.0 Spellcasting
 - Level 0.6 Conjurations
 - Level 1.0 Summonings
 - Level 0.7 Translocations


You had 10 spell levels left.
You knew the following spells:

 Your Spells              Type           Power      Damage    Failure   Level
a - Magic Dart            Conj           16%        1d3       34%         1

Your spell library contained the following spells:

 Spells                   Type           Power      Damage    Failure   Level
 Slow                     Hex            8%         N/A       41%         1
 Call Imp                 Summ           10%        N/A       41%         2
 Blink                    Tloc           8%         N/A       45%         2
 Cigotuvi's Dreadful Rot  Necr/Pois/Air  4%         N/A       56%         2
 Mephitic Cloud           Conj/Pois/Air  3%         N/A       77%         3


Dungeon Overview and Level Annotations

Branches:
Dungeon (7/15)
 Temple: D:4-7

Altars:
Cheibriados
Okawaru
Qazlal
Wu Jian
Yredelemnul

Annotations:
D:1 2 transporters
D:4 Natasha


Innate Abilities, Weirdness & Mutations

Your natural rate of healing is accelerated.
You have razor-sharp teeth.
You have supernaturally acute eyesight. (SInv)
You are afflicted with vampirism and can become a bat while bloodless.


Message History

The cerulean imp hits you with a +2 spear.
Natasha claws you.
You completely miss Natasha. The cerulean imp barely misses you.
Natasha claws you.
The cerulean imp hits you from afar with a +2 spear.
You closely miss Natasha.
The cerulean imp hits you with a +2 spear.
Natasha howls an incantation.
Natasha glows brightly for a moment.
Natasha claws you. The cerulean imp barely misses you.
You hit Natasha.
Natasha is moderately wounded.
The cerulean imp misses you. Natasha barely misses you.
You hit Natasha.
Natasha is heavily wounded.
The cerulean imp hits you from afar with a +2 spear.
The cerulean imp hits you but does no damage.
You miss Natasha.
Natasha is heavily wounded.
Natasha misses you. The cerulean imp closely misses you. x2
You closely miss Natasha.
Natasha is heavily wounded.
Natasha claws you. The cerulean imp barely misses you.
You closely miss Natasha.
Natasha is heavily wounded.
The cerulean imp hits you with a +2 spear.
Natasha claws you!
* * * LOW HITPOINT WARNING * * *
The cerulean imp hits you from afar with a +2 spear.
* * * LOW HITPOINT WARNING * * *
Okay, then.
You barely miss Natasha.
Natasha is heavily wounded.
The cerulean imp barely misses you. Natasha misses you.
The cerulean imp closely misses you.
You hit Natasha but do no damage.
Natasha is heavily wounded.
The cerulean imp disappears in a puff of smoke!
Natasha claws you.
You die...

..##............#
..'.###'####'####.#
..#.# #.# #.# .#
..#.# #.# #.####.#
..+.# #.# #.#..#.#
..### #.# #.#..#.#
..+ ..# #.#..#5#
..# ### #.#..#h#
.### #.#.ยง@.# ....
#.##.### ..###
#.##.# ....# #.##.#
.... #.##.#
..##########.##.#
............>...#
....########'####
................#


You could see Natasha and a cerulean imp (summoned).

Vanquished Creatures
  2 phantoms
  A bullfrog (D:6)
  2 hounds
  A jelly (D:6)
  A sleepcap (D:6)
  3 iguanas
  An adder (D:4)
  An ufetubus (D:4)
  2 worms
  2 dart slugs
  6 orcs
  8 endoplasms
  8 goblins
  12 hobgoblins
  4 jackals (D:2)
  2 kobolds
  5 quokkas
  7 ball pythons
  9 bats
  2 frilled lizards (D:2)
  6 rats
85 creatures vanquished.

Notes
Turn   | Place    | Note
-------+----------+-------------------------------------------
     0 | D:1      | SnakkuSnakku7 the Vampire Hedge Wizard began the quest for
                  | the Orb.
     0 | D:1      | Reached XP level 1. HP: 13/13 MP: 4/4
   174 | D:1      | Reached skill level 1 in Unarmed Combat
   199 | D:1      | Reached skill level 1 in Fighting
   199 | D:1      | Reached XP level 2. HP: 21/21 MP: 6/6
   413 | D:1      | Found a faded altar of an unknown god.
   426 | D:1      | Prayed at the altar of an unknown god.
   426 | D:1      | Became a worshipper of the Wu Jian Council
   426 | D:1      | Reached * piety under Wu Jian
   920 | D:2      | Reached skill level 2 in Unarmed Combat
   938 | D:2      | Gained mutation: You are afflicted with vampirism and can
                  | become a bat while bloodless. [Vampire growth]
   938 | D:2      | Reached XP level 3. HP: 26/26 MP: 7/7
  1255 | D:2      | Reached ** piety under Wu Jian
  1408 | D:2      | Found an iron altar of Okawaru.
  1585 | D:3      | Noticed an air elemental
  1585 | D:3      | Found a snail-covered altar of Cheibriados.
  1585 | D:3      | Found a stormy altar of Qazlal.
  1604 | D:3      | Noticed a water elemental
  1608 | D:3      | Noticed a fire elemental
  1608 | D:3      | Noticed an earth elemental
  1801 | D:3      | Reached XP level 4. HP: 17/33 MP: 8/8
  2203 | D:4      | Reached skill level 3 in Unarmed Combat
  2424 | D:4      | Reached XP level 5. HP: 35/40 MP: 9/9
  2554 | D:4      | You fall into a shaft and drop 3 floors!
  2614 | D:7      | Found a basalt altar of Yredelemnul.
  2719 | D:6      | Reached skill level 4 in Unarmed Combat
  2764 | D:6      | Noticed a phantom
  2782 | D:6      | Killed a phantom
  2783 | D:6      | Reached XP level 6. HP: 33/48 MP: 10/10
  2858 | D:6      | Reached skill level 5 in Unarmed Combat
  2882 | D:5      | Entered Level 5 of the Dungeon
  3120 | D:4      | Noticed Natasha
  3135 | D:4      | Slain by Natasha

Illustrated notes

Levels and vault maps discovered:
D:1:      spicycebolla_arrival_transporter_tutorial, layout_basic,
          shapermc_ecumenical_altar_rom_forum
D:2:      layout_loops_ring, basic_altar
D:3:      layout_basic, nicolae_qazlal_style_of_elements, kennysheep_slug_shrine
D:4:      layout_basic, minmay_tree_intersection, minmay_increasing_density,
          uniq_natasha
D:5:      layout_loops_ring, mainiacjoe_overflow_alcove_1, led_sif_pool,
          minmay_fractal_squares_gapless_5, uniq_edmund
D:6:      layout_loops_ring, mainiacjoe_overflow_chevrons, zin_treasury,
          makhleb_blood_cavern_becter, gammafunk_temple_overflow_wave
D:7:      minmay_bubble_buster, layout_rooms, kennysheep_ying_yang,
          minmay_temple_entry_arrows, minivault_10

Skill      XL: |  1  2  3  4  5  6 |
---------------+-------------------+-----
Unarmed Combat | 1 2 3 4 5 |  5.5
Fighting       | 1 2 3 4 |  4.5
Dodging        | |  2.1
Stealth        | |  3.0
Spellcasting   | |  3.0
Conjurations   | |  0.6
Summonings     | |  1.0
Translocations | |  0.7

Action                     |  1- 3 |  4- 6 || total
---------------------------+-------+-------++-------
  Melee: Dagger            |    25 |       ||    25
         Unarmed           |   202 |   181 ||   383
         Bite              |    17 |    21 ||    38
         Punch             |     3 |     8 ||    11
  Throw: Throwing net      |       |     1 ||     1
Ability: Lunge             |    14 |    11 ||    25
         Whirlwind         |     4 |       ||     4
  Evoke: Wand              |       |     2 ||     2
   Stab: Sleeping          |     5 |     4 ||     9
         Held in net/web   |       |     1 ||     1
 Armour: Robe              |    33 |    10 ||    43
         Ring mail         |       |    15 ||    15
  Dodge: Dodged            |   147 |    87 ||   234
